 Dungeon Crawl Stone Soup version 0.30-b1-2-g02819fbbbe (webtiles) character file.

Game seed: 1107785264955581321

9 Alarkh the Shooter (level 2, 22/22 HPs)
             Began as a Demonspawn Hunter on May 25, 2023.
             Got out of the dungeon alive.
             The game lasted 00:00:29 (154 turns).

Alarkh the Shooter (Demonspawn Hunter)               Turns: 154, Time: 00:00:29

Health: 22/22      AC:  3    Str: 11    XL:     2   Next: 6%
Magic:  2/2        EV: 11    Int: 10    God:
Gold:   26         SH:  0    Dex: 16    Spells: 1/1 levels left

rFire   . . .        a - +0 shortbow
rCold   . . .        (shield currently unavailable)
rNeg    . . .        c - +0 leather armour
rPois   .            (no helmet)
rElec   .            (no cloak)
rCorr   .            (no gloves)
SInv    .            (no boots)
Will    .....        (no amulet)
Stlth   +            (no ring)
HPRegen 0.23/turn    (no ring)
MPRegen 0.08/turn

%: no passive effects
@: no status effects
A: hooves 1
a: no special abilities


You escaped.
You visited 1 branch of the dungeon, and saw 1 of its levels.

You collected 26 gold pieces.

Inventory:

Hand Weapons
 a - a +0 shortbow (weapon)
 d - a +2 vampiric short sword
Armour
 c - a +0 leather armour (worn)
Scrolls
 b - a scroll of immolation
 e - a scroll of poison {unknown}
 f - a scroll of blinking {unknown}


   Skills:
 - Level 2.0 Fighting
 + Level 4.1 Ranged Weapons
 - Level 1.7 Dodging
 - Level 0.8 Stealth


You had one spell level left.
You didn't know any spells.
Your spell library was empty.

Dungeon Overview and Level Annotations

Branches:
Dungeon (1/15)

Altars:


Innate Abilities, Weirdness & Mutations

You have large cloven feet.


Message History

A ball python is nearby!
A ball python is nearby!
A ball python is nearby!
You shoot an arrow. The arrow hits the ball python.
You kill the ball python!
Your Ranged Weapons skill increases to level 4!
No target in view!
No target in view!
You now have 17 gold pieces.
Found a leather armour.
You now have 26 gold pieces (gained 9).
e - a scroll labelled CUSE JOIROMUX
Found a spear.
No target in view!
f - a scroll labelled JOKKAUP MEUD An endoplasm and a kobold come into view.
The kobold shouts!
The endoplasm moves out of view.
A kobold is nearby!
A kobold is nearby!
You shoot an arrow. The arrow hits the kobold.
The kobold is moderately wounded.
You shoot an arrow. The arrow hits the kobold!
You kill the kobold!
You have reached level 2!
Your demonic ancestry asserts itself...
Your feet thicken and deform.
An endoplasm is nearby!
You can't go up here!
An endoplasm is nearby!
You shoot an arrow. The arrow hits the endoplasm.
The endoplasm is severely wounded.
You shoot an arrow. The arrow hits the endoplasm!
You kill the endoplasm!
No target in view!
Sorry, you're not good enough to have a special ability.
You see here a +0 leather armour.
There is a staircase leading out of the dungeon here.
Are you sure you want to leave the Dungeon?
This will make you lose the game!
You have escaped!

#.... #### #.... #..#
#.... #..# ####. #>.###
#. #..'.## ##+## ##
#######'## #...#
##......>.# #...#
#......@..# #...# ####
#.........# #...# #...
#.........#####...###.#.
#.##.......#...###.##.#.
.........#.#.#.# #....#.
######.##.#.#.....#####
...##...#######
.######### ..


There were no monsters in sight!

Vanquished Creatures
  4 ball pythons (D:1)
  An endoplasm (D:1)
  A hobgoblin (D:1)
  2 kobolds (D:1)
8 creatures vanquished.

Notes
Turn   | Place    | Note
-------+----------+-------------------------------------------
     0 | D:1      | Alarkh the Demonspawn Hunter began the quest for the Orb.
     0 | D:1      | Reached XP level 1. HP: 16/16 MP: 1/1
    72 | D:1      | Reached skill level 4 in Ranged Weapons
   104 | D:1      | Gained mutation: You have large cloven feet. [demonic
                  | ancestry]
   104 | D:1      | Reached XP level 2. HP: 22/22 MP: 2/2
   154 | D:$      | Got out of the dungeon alive.

Illustrated notes

Levels and vault maps discovered:
D:1:      dpeg_arrival_connections, layout_basic,
          shapermc_ecumenical_altar_venn, minmay_misc_feat_plants,
          serial_bayou_ford_a

Skill      XL: |  1 |
---------------+----+-----
Ranged Weapons | 4 |  4.1
Fighting       | |  2.0
Dodging        | |  1.7
Stealth        | |  0.8

Action                     || total
---------------------------++-------
   Fire: Shortbow          ||    15
 Armour: Leather armour    ||     3
  Dodge: Dodged            ||     3
